 Dungeon Crawl Stone Soup version 0.19.1-28-ge1247f7 (webtiles) character file.

207 ImaNewbie the Twirler (level 5, 0/30 HPs)
             Began as a Gargoyle Gladiator on Jan 22, 2017.
             Slain by Sigmund
             ... wielding a +3 scythe of protection
              (7 damage)
             ... on level 4 of the Dungeon.
             The game lasted 00:04:38 (2681 turns).

ImaNewbie the Twirler (Gargoyle Gladiator)          Turns: 2681, Time: 00:04:38

Health: 0/30       AC:  8    Str: 18    XL:     5   Next: 85%
Magic:  5/5        EV: 12    Int:  9    God:
Gold:   147        SH:  0    Dex: 11    Spells: 0 memorised, 4 levels left

rFire  . . .     SeeInvis .     a - +0 quarterstaff
rCold  . . .     Gourm    .     b - +0 leather armour
rNeg   + . .     Faith    .     (shield currently unavailable)
rPois  ∞         Spirit   .     c - +0 helmet
rElec  +         Reflect  .     (no cloak)
rCorr  .         Harm     .     (no gloves)
MR     .....                    (no boots)
Stlth  +.........               (no amulet)
                                (no ring)
                                (no ring)

@: no status effects
A: negative energy resistance 1, electricity resistance, unbreathing,
petrification resistance, rot immunity, AC +4
a: no special abilities


You were on level 4 of the Dungeon.
You were not hungry.

You visited 1 branch of the dungeon, and saw 4 of its levels.

You collected 147 gold pieces.

Inventory:

Hand Weapons
 a - a +0 quarterstaff (weapon)
Missiles
 d - 3 throwing nets (quivered)
 h - 8 poisoned needles
Armour
 b - a +0 leather armour (worn)
 c - a +0 helmet (worn)
Scrolls
 e - 3 scrolls of amnesia {unknown}
 i - 5 scrolls of identify {unknown}
 k - 3 scrolls of remove curse {unknown}
 m - a scroll of blinking {unknown}
 t - a scroll of enchant weapon {unknown}
 w - a scroll of teleportation {unknown}
Potions
 g - a potion of agility {unknown}
 j - 2 potions of curing {unknown}
 o - a potion of haste {unknown}
 p - a potion of flight {unknown}
 s - a potion of lignification {unknown}
 v - a potion of might {unknown}
Comestibles
 f - 2 bread rations
 l - a slice of pizza
 n - 2 chunks of flesh
 q - 2 beef jerkies
 r - a royal jelly
 u - 5 fruits


   Skills:
 - Level 2.1 Fighting
 + Level 6.3 Staves
 - Level 1.7 Throwing
 - Level 2.4 Dodging


You had 4 spell levels left.
You didn't know any spells.

Dungeon Overview and Level Annotations

Branches:
Dungeon (4/15)
 Temple: D:4-7

Altars:

Annotations:
D:2 Terence
D:3 Sigrun's ghost, amateur DsGl
D:4 Sigmund


Innate Abilities, Weirdness & Mutations

You are resistant to torment.
Your stone body is resilient. (AC +4)
You are immune to poison.
You resist negative energy. (rN+)
You are resistant to electric shocks. (rElec)
You can survive without breathing.
You are immune to petrification.
You are immune to rotting.


Message History

The howler monkey barely misses you. Something hits you!
* * * LOW HITPOINT WARNING * * *
Unknown command.
You are too injured to fight recklessly!
You sock the howler monkey!
You kill the howler monkey!
You are too injured to fight recklessly!
You are too injured to fight recklessly!
You are too injured to fight recklessly!
You hear some strange, mumbled words.
Something tries to affect you, but you resist.
You see here a howler monkey corpse.
You are too injured to fight recklessly!
You miss something. Something hits you but does no damage.
You sock something! Something hits you.
* * * LOW HITPOINT WARNING * * *
Your leather armour prevents you from hitting something.
The leopard gecko hisses menacingly.
You miss something. Something hits you!
You die...

####.####
#.# #s{@.#
#.#
#...ls####
#.# ###..
#.# #. #


You could see a scorpion, a leopard gecko and a giant cockroach.

Vanquished Creatures
  A howler monkey (D:4)
  Jessica (D:3)
  4 gnolls
  3 adders
  An ooze (D:1)
  8 worms
  2 dart slugs
  2 leopard geckos (D:1)
  A giant cockroach (D:3)
  9 hobgoblins
  3 jackals (D:2)
  A kobold (D:2)
  3 quokkas
  3 bats (D:1)
  A frilled lizard (D:2)
  4 goblins
  2 rats
49 creatures vanquished.

Notes
Turn   | Place    | Note
-------+----------+-------------------------------------------
     0 | D:1      | ImaNewbie the Gargoyle Gladiator began the quest for the Orb.
     0 | D:1      | Reached XP level 1. HP: 12/12 MP: 1/1
   390 | D:1      | Reached XP level 2. HP: 17/17 MP: 2/2
   690 | D:1      | Reached skill level 4 in Staves
   690 | D:1      | Reached XP level 3. HP: 16/21 MP: 3/3
  1049 | D:1      | HP: 1/21 [gnoll/spear (2)]
  1464 | D:2      | Reached XP level 4. HP: 5/26 MP: 4/4
  1737 | D:2      | Reached skill level 5 in Staves
  1998 | D:2      | Noticed Terence
  2132 | D:3      | Noticed Jessica
  2133 | D:3      | Killed Jessica
  2133 | D:3      | Reached XP level 5. HP: 30/30 MP: 5/5
  2307 | D:3      | Noticed a hippogriff
  2482 | D:3      | Reached skill level 6 in Staves
  2527 | D:3      | Found a faded altar of an unknown god.
  2561 | D:3      | Noticed Sigrun's ghost (amateur DsGl)
  2669 | D:4      | Noticed Sigmund
  2681 | D:4      | Slain by Sigmund

Skill      XL: |  1  2  3  4  5 |
---------------+----------------+-----
Staves         | 4 5 6 |  6.3
Fighting       | |  2.1
Throwing       | |  1.7
Dodging        | |  2.4

Action                   |  1- 3 |  4- 6 || total
-------------------------+-------+-------++-------
Melee: Quarterstaff      |   108 |   100 ||   208
  Eat: Chunk             |     2 |     4 ||     6
Armor: Leather armour    |    29 |    42 ||    71
Dodge: Dodged            |    76 |    78 ||   154
